Map: Berlingrad LE

Players

Dismay

  • Race: Terran Terran

llllIIIlllII - Winner!

  • Race: Protoss Protoss
  • League: Diamond

VOD

Have the link to the VOD?

Description

Time

  • Played on: Oct. 23, 2021, 8:47 p.m.
  • Length: 6:19
Show
View Real Time Build Order
Export as new Build Order

Dismay Terran 

Build Orders:  

Get SALT Encoding   

  12  0:00  SCV  
  13  0:12  SCV  
  14  0:18  Supply Depot  
  14  0:24  SCV  
  15  0:40  SCV  
  15  0:41  Barracks  
  16  0:46  Refinery  
  16  0:52  SCV  
  17  1:00  Refinery  
  17  1:04  SCV  
  18  1:16  SCV  
  19  1:28  Reaper  
  19  1:29  Orbital Command  
  20  1:37  Supply Depot  
  20  1:53  Factory  
  20  1:56  SCV  
  20  2:00  Reaper  
  22  2:08  SCV  
  23  2:20  SCV  
  24  2:30  Bunker  
  24  2:32  Marine, SCV  
  26  2:37  Widow Mine  
  27  2:44  SCV  
  24  3:01  Widow Mine  
  24  3:02  SCV  
  26  3:11  Bunker  
  24  3:20  Supply Depot x2  
  24  3:42  Hellion, SCV  
  21  3:54  SCV  
  13  4:06  SCV  
  14  4:11  Marine  
  14  4:14  Factory Tech Lab  
  14  4:18  SCV  
Show
View Real Time Build Order
Export as new Build Order

llllIIIlllII Protoss - Winner!

Build Orders:  

Get SALT Encoding   

  12  0:00  Probe (Chrono Boost)  
  13  0:10  Probe (Chrono Boost)  
  14  0:19  Pylon  
  14  0:23  Probe  
  15  0:37  Probe  
  15  0:41  Forge  
  16  0:51  Pylon  
  17  1:13  Gateway  
  17  1:15  Gateway  
  16  1:22  Photon Cannon  
  16  1:34  Photon Cannon  
  16  2:01  Zealot  
  16  2:02  Zealot  
  16  2:05  Photon Cannon  
  20  2:15  Photon Cannon  
  20  2:17  Assimilator  
  20  2:22  Assimilator  
  19  2:33  Cybernetics Core  
  19  2:47  Zealot (Chrono Boost)  
  19  3:11  Zealot (Chrono Boost)  
  19  3:12  Zealot (Chrono Boost)  
  23  3:27  Shield Battery  
  21  3:45  Stalker x2  
  18  4:09  Shield Battery  
  18  4:15  Stalker  
  20  4:34  Stalker  
  22  4:46  Stalker  
  24  5:04  Stalker  
Tags
 
Add a new tag
Caveats
  • Supply blocks, unpowered buildings, or Contaminate may cause inaccurate times.
  • Supply counts are checked every 10 seconds.